AoeStats
← =NAD=

Arabia

507031969Analyzed
1v1 RM · 15d ago on Sep 16, 2026· 31m 23s· 2 players
Game mode
Random Map
Map size
Tiny (2 player)
Population
200
Speed
Normal
Resources
Standard
Victory
Conquest
Starting age
Dark Age
Ending age
Imperial Age
RankedLock teamsTeams togetherTeam positionsShared explorationLock speedFull tech treeHidden civsTurbo modeCheats
Victory
Defeat
🇦🇷 Malians · Argentina
1053
+17
🇦🇷 Magyars · Argentina
1073
-37
DL xNOELE
3:08 Loom
10:37 Feudal Age
11:24 Double-Bit Axe
12:45 Horse Collar
13:15 Town Watch
19:35 Castle Age
18:06 Fletching
18:43 Padded Archer Armor
19:39 Crossbowman
20:19 Bodkin Arrow
20:40 Leather Archer Armor
26:52 Ballistics
29:06 Bloodlines
28:56 Husbandry
=NAD=
7:35 Loom
11:04 Feudal Age
17:50 Castle Age
16:10 Double-Bit Axe
17:15 Fletching
17:16 Horse Collar
22:58 Bloodlines
25:33 Wheelbarrow
25:38 Scale Barding Armor
28:29 Bow Saw
29:18 Gold Mining
Connection lost

Rejoining the realm…

Still unreachable

The connection could not be restored.

Session expired

The server has moved on; the page needs a fresh start.